Map: Ghost River LE

Players

SKillous - Winner!

  • Race: Protoss Protoss
  • League: Grandmaster
  • Spawn Location: 1:00

gumiho

  • Race: Terran Terran
  • Spawn Location: 11:00

Event: HomeStory Cup XXV

VOD

Have the link to the VOD?

Description

Time

  • Played on: June 21, 2024, 4:15 p.m.
  • Length: 13:56

All games in this series

Show
View Real Time Build Order
Export as new Build Order

SKillous Protoss - Winner!

Build Orders: 1 Gate Expand, Blink Stalkers 

Get SALT Encoding   

  12  0:00  Probe  
  13  0:12  Probe  
  14  0:17  Pylon  
  14  0:24  Probe  
  15  0:36  Gateway  
  15  0:37  Probe (Chrono Boost)  
  16  0:43  Assimilator  
  16  0:47  Probe (Chrono Boost)  
  17  0:52  Probe (Chrono Boost)  
  18  1:04  Probe  
  19  1:16  Probe  
  20  1:23  Cybernetics Core  
  20  1:31  Nexus  
  20  1:35  Probe  
  21  1:43  Pylon  
  21  1:46  Assimilator  
  21  1:49  Probe  
  22  1:58  Adept (Chrono Boost)  
  24  2:01  Warp Gate, Probe  
  25  2:13  Probe  
  26  2:18  Adept (Chrono Boost)  
  28  2:25  Probe  
  28  2:27  Twilight Council  
  29  2:40  Stalker  
  32  2:46  Probe (Chrono Boost)  
  32  2:49  Probe (Chrono Boost)  
  33  2:57  Probe (Chrono Boost)  
  35  2:58  Probe (Chrono Boost)  
  35  3:03  Blink (Chrono Boost)  
  35  3:05  Gateway  
  35  3:06  Probe  
  35  3:09  Probe  
  37  3:18  Probe  
  38  3:21  Shield Battery, Probe  
  39  3:30  Gateway, Probe  
  39  3:33  Probe  
  41  3:41  Robotics Facility  
  41  3:43  Probe  
  41  3:44  Pylon  
  41  3:45  Probe  
  43  3:55  Probe  
  44  3:57  Stalker, Probe  
  46  4:03  Stalker  
  46  4:07  Probe  
  46  4:09  Probe  
  49  4:13  Pylon  
  49  4:19  Probe  
  49  4:22  Stalker  
  49  4:24  Probe (Chrono Boost)  
  51  4:30  Assimilator  
  51  4:32  Stalker  
  51  4:33  Stalker  
  51  4:35  Probe (Chrono Boost)  
  51  4:36  Probe (Chrono Boost)  
  56  4:42  Observer  
  57  4:45  Probe (Chrono Boost)  
  57  4:52  Pylon  
  58  4:54  Nexus  
  58  4:56  Probe x2  
  60  5:02  Assimilator  
  60  5:07  Robotics Bay  
  60  5:08  Probe  
  60  5:11  Probe  
  60  5:13  Observer  
  63  5:18  Observer  
  63  5:19  Stalker  
  63  5:20  Probe  
  65  5:24  Probe  
  66  5:31  Immortal (Chrono Boost)  
  70  5:44  Probe x2  
  70  5:48  Pylon  
  70  5:57  Pylon  
  70  5:58  Charge (Chrono Boost)  
  70  6:03  Probe  
  70  6:04  Gateway, Colossus (Chrono Boost)  
  70  6:05  Probe  
  70  6:10  Probe  
  78  6:14  Sentry  
  78  6:15  Stalker, Probe (Chrono Boost)  
  78  6:16  Stalker  
  86  6:19  Probe (Chrono Boost)  
  86  6:22  Probe (Chrono Boost)  
  86  6:24  Gateway  
  87  6:26  Gateway  
  87  6:29  Extended Thermal Lance  
  90  6:33  Probe (Chrono Boost)  
  90  6:34  Probe (Chrono Boost)  
  90  6:36  Probe (Chrono Boost)  
  90  6:39  Pylon, Probe (Chrono Boost)  
  91  6:40  Probe (Chrono Boost)  
  91  6:43  Shield Battery  
  91  6:44  Probe  
  93  6:47  Colossus (Chrono Boost)  
  97  6:55  Probe  
  97  6:57  Stalker  
  97  7:00  Probe  
  97  7:01  Pylon  
  101  7:03  Probe  
  101  7:07  Probe  
  103  7:09  Pylon  
  103  7:12  Stalker x2  
  107  7:15  Pylon  
  107  7:20  Sentry x2  
  107  7:21  Zealot  
  114  7:26  Pylon  
  114  7:29  Pylon  
  113  7:30  Gateway  
  113  7:31  Gateway  
  113  7:35  Zealot x2  
  115  7:43  Colossus (Chrono Boost)  
  115  7:50  Pylon  
  121  7:53  Forge  
  121  7:54  Probe  
  122  8:04  Zealot x6  
  134  8:11  Nexus  
  134  8:14  Nexus  
  134  8:17  Pylon  
  134  8:23  Gateway  
  134  8:25  Disruptor (Chrono Boost)  
  138  8:28  Gravitic Drive  
  138  8:29  Protoss Ground Weapons Level 1 (Chrono Boost)  
  138  8:31  Observer  
  138  8:33  Forge  
  138  8:43  Shield Battery  
  138  8:44  Shield Battery  
  138  8:48  Stalker x4  
  146  8:50  Disruptor (Chrono Boost)  
  150  9:00  Robotics Facility  
  150  9:01  Zealot x3  
  156  9:03  Probe  
  156  9:07  Pylon  
  156  9:09  Probe  
  157  9:10  Probe  
  157  9:13  Zealot  
  159  9:21  Shield Battery  
  159  9:22  Disruptor (Chrono Boost), Protoss Ground Armor Level 1 (Chrono Boost)  
  163  9:24  Probe  
  163  9:26  Probe  
  163  9:29  Probe x2  
  167  9:36  Probe  
  167  9:38  Probe  
  169  9:41  Probe x2  
  169  9:45  Disruptor (Chrono Boost)  
  171  9:49  Probe  
  171  9:50  Probe  
  177  9:53  Probe  
  177  9:56  Gateway  
  177  9:59  Gateway  
  178  10:01  Gateway  
  178  10:03  Disruptor (Chrono Boost)  
  178  10:04  Nexus  
  178  10:05  Gateway  
  182  10:08  Pylon  
  182  10:10  Pylon  
  182  10:11  Disruptor (Chrono Boost)  
  184  10:23  Gateway x2  
  184  10:25  Gateway  
  184  10:26  Gateway x2, Protoss Ground Weapons Level 2 (Chrono Boost)  
  183  10:32  Gateway  
  187  10:39  Disruptor (Chrono Boost)  
  187  10:43  Disruptor (Chrono Boost)  
  187  10:47  Stalker, Zealot x4  
  195  10:51  Protoss Ground Armor Level 2 (Chrono Boost)  
  195  11:03  Shield Battery  
  195  11:06  Photon Cannon  
  197  11:11  Warp Prism (Chrono Boost)  
  197  11:15  Observer  
  198  11:24  Zealot x4  
  200  11:31  Pylon  
  200  11:36  Gateway  
  200  11:38  Gateway  
  200  11:41  Observer  
  197  12:06  Gateway  
  197  12:08  Gateway  
  195  12:09  Photon Cannon  
  195  12:10  Photon Cannon  
  195  12:11  Gateway  
  195  12:12  Gateway  
  195  12:14  Warp Prism  
  195  12:15  Warp Prism  
  199  12:18  Pylon  
  195  12:33  Zealot x2  
  199  12:43  Zealot x4  
  199  12:49  Gateway  
  193  12:57  Disruptor x2  
  174  13:02  Zealot x19  
  174  13:03  Zealot  
  172  13:14  Zealot x5  
  168  13:23  Zealot x14  
  168  13:24  Zealot x2  
  190  13:35  Stalker x4  
  190  13:36  Stalker x2  
  190  13:41  Stalker x2  
  184  13:48  Nexus  
  184  13:50  Pylon  
Show
View Real Time Build Order
Export as new Build Order

gumiho Terran 

Build Orders: 1/1/1, Cyclone Opening 

Get SALT Encoding   

  12  0:00  SCV  
  13  0:12  SCV  
  14  0:17  Supply Depot  
  14  0:24  SCV  
  15  0:38  SCV  
  15  0:39  Barracks  
  16  0:42  Refinery  
  16  0:50  SCV  
  16  0:52  Refinery  
  17  1:02  SCV  
  18  1:14  SCV  
  19  1:26  Reaper  
  19  1:27  Orbital Command  
  20  1:40  Factory  
  20  1:44  Supply Depot  
  20  1:52  SCV  
  21  1:58  Barracks Reactor  
  21  2:04  SCV  
  22  2:14  Command Center  
  22  2:16  SCV  
  23  2:25  Starport  
  23  2:29  SCV  
  24  2:37  Supply Depot  
  24  2:41  SCV  
  25  2:44  Cyclone  
  25  2:50  Marine x2  
  28  2:53  SCV  
  29  3:02  Medivac  
  29  3:05  SCV  
  32  3:08  Marine x2  
  34  3:16  Factory Tech Lab  
  34  3:17  SCV  
  35  3:25  Marine x2  
  37  3:32  Starport Tech Lab  
  37  3:36  Siege Tank  
  37  3:38  SCV  
  41  3:45  Marine x2  
  43  3:56  Orbital Command  
  43  3:57  Supply Depot  
  43  4:02  Marine x2  
  43  4:04  SCV  
  43  4:06  Raven  
  48  4:20  Marine x2  
  48  4:23  Siege Tank  
  51  4:25  SCV x2  
  51  4:31  Refinery  
  51  4:37  SCV x2, Barracks  
  51  4:38  Marine x2  
  53  4:41  Supply Depot  
  53  4:43  Raven  
  57  4:49  SCV x2  
  59  4:56  Barracks  
  59  5:01  SCV x2  
  59  5:03  Supply Depot, Marine x2  
  59  5:05  Siege Tank  
  66  5:13  SCV x2  
  68  5:17  Supply Depot  
  68  5:26  SCV x2  
  68  5:27  Marine x2  
  72  5:29  Supply Depot  
  72  5:32  Marine, Stimpack  
  72  5:34  Supply Depot  
  73  5:38  Siege Tank  
  70  5:46  SCV x2  
  71  5:50  Engineering Bay  
  71  5:55  Starport Reactor  
  71  5:56  Marine x2  
  71  5:57  Marine  
  73  5:58  SCV x2  
  76  6:07  Command Center  
  76  6:11  SCV x2  
  76  6:16  Marine x2  
  80  6:23  SCV x2, Factory Reactor, Terran Infantry Weapons Level 1  
  82  6:28  Barracks x2  
  82  6:32  Marauder x2  
  86  6:34  Combat Shield  
  86  6:37  SCV  
  86  6:38  Refinery  
  87  6:40  Medivac  
  87  6:44  Medivac  
  91  6:50  SCV  
  91  6:51  SCV  
  91  6:54  Marauder  
  95  6:55  Marine x2  
  95  6:57  Marauder  
  99  7:03  SCV  
  99  7:04  SCV  
  101  7:09  Supply Depot  
  101  7:13  Concussive Shells  
  101  7:19  Marauder x2  
  101  7:20  SCV x2  
  107  7:29  Barracks Tech Lab, Barracks Reactor  
  107  7:32  SCV x2  
  109  7:38  Missile Turret  
  109  7:40  Marauder x2  
  109  7:42  Orbital Command  
  113  7:44  Ghost Academy, Missile Turret  
  113  7:51  Marauder  
  115  7:53  Supply Depot  
  115  7:55  Supply Depot  
  115  7:57  Viking x2  
  115  7:58  SCV x2  
  121  8:07  Marauder x2  
  121  8:10  Supply Depot  
  125  8:12  Marine x4  
  125  8:13  Marauder  
  125  8:14  Bunker  
  125  8:15  SCV x3  
  134  8:27  SCV  
  134  8:31  Missile Turret, Ghost x2  
  134  8:34  Ghost  
  139  8:36  Medivac x2  
  144  8:41  Supply Depot  
  144  8:42  Supply Depot, SCV x2  
  144  8:46  SCV  
  147  8:49  Terran Infantry Armor Level 1  
  147  8:53  Marine x4  
  147  8:54  SCV, Widow Mine x2  
  156  8:58  Refinery  
  156  9:03  Command Center  
  156  9:06  Sensor Tower  
  156  9:15  Widow Mine x2  
  156  9:16  Marauder x2  
  164  9:25  Refinery  
  164  9:26  Marine x2, Marauder  
  164  9:30  Viking x2  
  172  9:43  Missile Turret  
  172  9:44  Missile Turret  
  172  9:46  Missile Turret, Armory  
  172  9:47  Engineering Bay, Marauder  
  174  9:56  Supply Depot  
  173  10:05  Missile Turret x2  
  173  10:06  Missile Turret, Command Center  
  173  10:11  Viking x2  
  173  10:12  Ghost x2  
  181  10:15  Ghost  
  183  10:36  Command Center  
  183  10:41  Ghost  
  185  10:47  Ghost x2  
  185  10:49  Marine x4  
  174  10:55  Terran Infantry Weapons Level 2  
  174  10:56  Terran Infantry Armor Level 2  
  173  11:09  Ghost  
  173  11:10  Terran Ship Weapons Level 1  
  175  11:14  Sensor Tower  
  175  11:15  Viking  
  177  11:20  Viking  
  177  11:24  Orbital Command  
  179  11:29  Marauder  
  179  11:30  Marine x4, Marauder  
  187  11:36  Barracks  
  187  11:38  Barracks  
  187  11:39  Barracks  
  187  11:41  Starport  
  187  11:44  Marine  
  188  11:47  Personal Cloaking  
  188  11:49  Fusion Core  
  188  11:50  Orbital Command  
  188  12:08  Viking x2  
  192  12:16  Orbital Command  
  192  12:19  Planetary Fortress  
  190  12:34  Viking  
  192  12:37  Refinery  
  192  12:38  Viking  
  192  12:45  Marine  
  192  12:46  Marauder  
  153  13:08  Marine, Marauder  
  153  13:12  Marine x2, Marauder  
  158  13:13  Marauder  
Tags
 
Add a new tag
Caveats
  • Supply blocks, unpowered buildings, or Contaminate may cause inaccurate times.
  • Supply counts are checked every 10 seconds.